 Dungeon Crawl Stone Soup version 0.29-a0-575-g0dc89cf053 (webtiles) character file.

Game seed: 9003870488081506496

14815 spiderkeys the Fighter (level 12, -2/162 HPs)
             Began as a Meteoran Abyssal Knight on June 12, 2022.
             Was a High Priest of Lugonu.
             Slain by a skeletal warrior
             ... wielding a +0 scimitar
              (32 damage)
             ... on level 11 of the Dungeon.
             The game lasted 00:33:10 (5530 turns).

spiderkeys the Fighter (Meteoran Abyssal Knight)    Turns: 5530, Time: 00:33:10

Health: -2/162     AC:  8    Str: 19    XL:     12   Next: 84%
Magic:  19/19      EV: 20    Int: 13    God:    Lugonu [*****.]
Gold:   236        SH:  0    Dex: 20    Spells: 12/17 levels left

rFire   . . .      SeeInvis .   h - +7 lajatang of the Demagogue {flame, rPois Dex+5}
rCold   . . .      Faith    .   (shield currently unavailable)
rNeg    . . .      Spirit   .   T - +0 troll leather armour
rPois   +          Reflect  .   (helmet restricted)
rElec   .          Harm     .   x - +0 cloak
rCorr   .          Rampage  .   v - +0 pair of gloves
Will    ++...      Rage     1%  (no boots)
Stlth   ..........              (no amulet)
HPRegen 1.17/turn               E - +4 ring of evasion
MPRegen 0.16/turn               y - ring of willpower

@: berserking, glowing, unable to read, very quick
A: sense surroundings 2, otherworldly, glowing, explore regen, antennae 1,
berserk 1, inability to read while threatened
a: Renounce Religion, Depart the Abyss, Bend Space, Banish, Corrupt, Enter the
Abyss


You were on level 11 of the Dungeon.
You worshipped Lugonu.
Lugonu was extremely pleased with you.
You visited 1 branch of the dungeon, and saw 11 of its levels.
You visited the Abyss 1 time.

You collected 266 gold pieces.
You spent 30 gold pieces at shops.


Innate Abilities, Weirdness & Mutations

You passively map the area around you.
You are easily found by Zot.
You glow in the dark.
You regain HP and MP as you explore.
You have a pair of small antennae on your head.
You tend to lose your temper in combat.
You sometimes lose the ability to read scrolls when taking damage.


   Skills:
 + Level 10.7 Fighting
 - Level 7.4(9.2) Polearms
 + Level 8.5(9.7) Staves
 - Level 10.0 Armour
 + Level 6.3 Dodging
 - Level 9.0 Shields
 + Level 3.4 Spellcasting
 + Level 3.5 Transmutations
 - Level 9.0 Invocations


You had 12 spell levels left.
You knew the following spells:

 Your Spells              Type           Power      Damage    Failure   Level
y - Yara's Violent Unrav  Hex/Tmut       3%         3d4       98%         5

Your spell library contained the following spells:

 Spells                   Type           Power      Damage    Failure   Level
 Blink                    Tloc           4%         N/A       36%         2
 Confusing Touch          Hex            2%         N/A       58%         3
 Lesser Beckoning         Tloc           2%         N/A       58%         3
 Summon Lightning Spire   Summ/Air       2%         N/A       94%         4
 Manifold Assault         Tloc           2%         N/A       100%        5
 Enfeeble                 Hex            1%         N/A       100%        7
 Storm Form               Tmut/Air       3%         N/A       100%        7
 Maxwell's Capacitive Co  Air            1%         ∞         100%        8

Inventory:

Hand Weapons
 a - a +1 spear
 e - a +0 hunting sling
   (You found it on level 1 of the Dungeon)
 h - the +7 lajatang of the Demagogue (weapon) {flame, rPois Dex+5}
   (You found it on level 8 of the Dungeon)

   It burns those it strikes, dealing additional fire damage.
   Big, fiery blades are also staple armaments of hydra-hunters.
   Dex:       It affects your dexterity (+5).
   rPois:     It protects you from poison.
 J - a +6 falchion of holy wrath
   (You found it on level 5 of the Dungeon)
 R - a +0 trident of freezing
   (You took it off an orc on level 6 of the Dungeon)
Missiles
 r - 16 poisoned darts
 G - 28 stones
 H - 3 boomerangs
 U - a curare-tipped dart {=f}
Armour
 c - a +0 kite shield of protection
   (You found it on level 2 of the Dungeon)
 j - a +2 leather armour of cold resistance
   (You found it on level 2 of the Dungeon)
 v - a +0 pair of gloves (worn)
   (You found it on level 3 of the Dungeon)
 x - a +0 cloak (worn)
   (You found it on level 4 of the Dungeon)
 I - a +0 chain mail
   (You took it off an orc on level 5 of the Dungeon)
 S - a +0 scale mail
   (You took it off an orc on level 6 of the Dungeon)
 T - a +0 troll leather armour (worn)
   (You found it on level 10 of the Dungeon)
 Y - a +0 troll leather armour
   (You found it on level 11 of the Dungeon)
Magical Staves
 K - a staff of death {!a}
   (You found it on level 5 of the Dungeon)
Jewellery
 y - a ring of willpower (right hand)
   (You found it on level 6 of the Dungeon)
 C - a ring of ice
   (You found it on level 1 of the Dungeon)
 E - a +4 ring of evasion (left hand)
   (You found it on level 8 of the Dungeon)
 N - a ring of positive energy
   (You found it on level 8 of the Dungeon)
 V - an amulet of reflection
   (You took it off a kobold on level 10 of the Dungeon)
Wands
 b - a wand of acid (1)
   (You found it on level 6 of the Dungeon)
 k - a wand of iceblast (3)
   (You found it on level 6 of the Dungeon)
 A - a wand of digging (4)
   (You found it on level 4 of the Dungeon)
 F - a wand of paralysis (4)
   (You found it on level 9 of the Dungeon)
 M - a wand of flame (17)
   (You found it on level 9 of the Dungeon)
 W - a wand of charming (9)
   (You found it on level 7 of the Dungeon)
Scrolls
 f - 2 scrolls of amnesia
 g - 3 scrolls of summoning
 i - 6 scrolls of teleportation {@r4}
 l - a scroll of vulnerability {!r!r}
 q - 2 scrolls of enchant weapon
 s - 2 scrolls of magic mapping {!r}
 t - 2 scrolls of blinking {!r}
 L - a scroll of fog
 O - a scroll of poison
 P - a scroll of fear
Potions
 d - a potion of mutation {!q}
 n - 2 potions of haste {@q3}
 o - 4 potions of heal wounds {@q2}
 p - a potion of brilliance
 u - a potion of lignification {!q}
 w - a potion of magic {unknown}
 z - 2 potions of might {unknown}
 B - 6 potions of curing {@q1}
 D - 2 potions of resistance
 Q - a potion of ambrosia
 X - 2 potions of flight
Miscellaneous
 m - a phial of floods
   (You found it on level 11 of the Dungeon)

Dungeon Overview and Level Annotations

Branches:
Dungeon (11/15)            Temple (0/1) D:7            Lair (0/6) D:11
    Orc (0/2) D:9

Altars:
Cheibriados
Ru
Wu Jian
Beogh
Jiyva

Shops:
D:2 *   D:5 !   D:9 [

Annotations:
Abyss:1 Dowan

#.(.P.......###..###
##....P......# ##.##
#....P...P...# #..# *
####..........(.## ##.#
*
........P...P.P..####.##
*
###..P.†#+##.P.P...z...#
##..P..[#, #P.P...####.#
* ,........#{>#...P..#
#{. .......@# #P.PP.##
##z .....P.Pz....P...#
#. * .###..P.P...P...##
## , * #.P.P.P.P....# #
, ##...P.P....## # * ,
###P.....### ** * # ,
###.#### ,,,* # ,* * .#
, , , * , ,,,,, .


You could see a skeletal warrior.


Message History

The black bear claws you but does no damage.
The black bear closely misses you. 😕 HP[-1]
You take 1 damage, and now have 107/108 hp.
You slice the bullfrog!! You burn the bullfrog!
You kill the bullfrog!
Lugonu accepts your kill. The black bear closely misses you.
The black bear barely misses you.
The black bear completely misses you. 😎 HP[+1]
Your hp is fully restored (108).
You slash the black bear! You burn the black bear.
The black bear closely misses you. The black bear barely misses you. x2
You slice the black bear!! You burn the black bear.
You kill the black bear!
Lugonu accepts your kill.
You now have 236 gold pieces (gained 14).
You open the door.
The bullfrog gives a loud, deep croak!
There is an open door here.
The bullfrog hits you. 😕 HP[-6]
You take 6 damage, and now have 102/108 hp.
You slice the bullfrog!! You burn the bullfrog!
You kill the bullfrog!
Lugonu accepts your kill. 😕 HP[+1] 😕 HP[+2]
You regained 2 hp, and now have 105/108 hp. 😕 HP[+2]
You regained 2 hp, and now have 107/108 hp. 😎 HP[+1]
Your hp is fully restored (108).
A yak comes into view.
The yak attacks as you move away! The yak misses you.
Things that are here:
a phial of floods; a scroll of teleportation {@r4} You slash the yak!
You burn the yak. The yak gores you but does no damage.
You slash the yak! You burn the yak. The yak closely misses you.
You barely miss the yak. You slice the yak!! You burn the yak.
You kill the yak!
Lugonu accepts your kill.
i - 6 scrolls of teleportation {@r4} (gained 1)
You can't carry that many items.
You drop a +0 scale mail.
You drop a +0 robe.
m - a phial of floods The skeletal warrior hits you with a +0 glaive!! 😮 HP[-29]
You take 29 damage, and now have 79/108 hp.
MASSIVE DAMAGE!! (PAUSE)
You slash the skeletal warrior! You burn the skeletal warrior.
The skeletal warrior barely misses you. 😮 HP[+1]
You slash the skeletal warrior! You burn the skeletal warrior.
The skeletal warrior hits you with a +0 glaive!
You feel threatened and lose the ability to read scrolls! 😮 HP[-15]
You take 15 damage, and now have 65/108 hp.
You hit the skeletal warrior. You burn the skeletal warrior.
The skeletal warrior hits you with a +0 glaive!!
* * * LOW HITPOINT WARNING * * *
😨 HP[-25]
You take 25 damage, and now have 40/108 hp.
MASSIVE DAMAGE!! (PAUSE)
You slice the skeletal warrior!! You burn the skeletal warrior.
The skeletal warrior closely misses you. 😨 HP[+1]
A red film seems to cover your vision as you go berserk!
You feel yourself moving faster!
You feel mighty!
You barely miss the skeletal warrior.
The skeletal warrior hits the fungus with a +0 scimitar!
The fungus begins to die.
The skeletal warrior barely misses you. 😨 HP[+21]
You now have 162 max hp (+54).
You regained 21 hp, and now have 62/162 hp.
Unknown command.
You hit the skeletal warrior. You burn the skeletal warrior.
The skeletal warrior hits the fungus with a +0 scimitar!!
The skeletal warrior barely misses you. 😨 HP[+1]
You slice the skeletal warrior!! You burn the skeletal warrior.
You destroy the skeletal warrior!
Lugonu accepts your kill. 😨 HP[+1]
The skeletal warrior hits you with a +0 scimitar!!
* * * LOW HITPOINT WARNING * * *
You see here a +0 glaive. 😨 HP[-19]
You take 19 damage, and now have 45/162 hp.
You barely miss the skeletal warrior. You slash the skeletal warrior!
You burn the skeletal warrior.
The skeletal warrior hits you with a +0 scimitar!
* * * LOW HITPOINT WARNING * * *
😱 HP[-16]
You take 16 damage, and now have 29/162 hp.
You slice the skeletal warrior!! You burn the skeletal warrior!
The skeletal warrior hits you with a +0 scimitar!!
You die...

Skill      XL: |  1  2  3  4  5  6  7  8  9 10 11 12 |
---------------+-------------------------------------+-----
Polearms       | 3 4 5 7 |  7.4
Armour         | 3 4 5 7 8 10 | 10.0
Invocations    | 3 4 5 6 7 9 |  9.0
Fighting       | 4 5 6 8 9 10 | 10.7
Shields        | 1 2 3 4 6 7 9 |  9.0
Staves         | 3 6 8 |  8.5
Dodging        | 3 6 |  6.3
Spellcasting   | 3 |  3.4
Transmutations | 3 |  3.5

Action                   |  1- 3 |  4- 6 |  7- 9 | 10-12 || total
-------------------------+-------+-------+-------+-------++-------
Melee: Spear             |    15 |   381 |   237 |    92 ||   725
       Punch             |     1 |       |       |       ||     1
       Lajatang          |       |       |       |   304 ||   304
Throw: Dart              |       |     4 |     7 |       ||    11
Invok: Banish            |       |       |     4 |    11 ||    15
       Bend Space        |       |       |     1 |     2 ||     3
Evoke: Wand              |       |       |    11 |     9 ||    20
  Use: Scroll            |     1 |     8 |     4 |     7 ||    20
       Potion            |       |       |     5 |       ||     5
Armor: Leather armour    |     4 |   186 |   148 |    37 ||   375
       Chain mail        |       |       |       |   103 ||   103
       Troll leather arm |       |       |       |    61 ||    61
Dodge: Dodged            |     6 |   116 |    85 |   322 ||   529
Block: Kite shield       |       |   139 |   133 |    64 ||   336

Levels and vault maps discovered:
D:1:      dpeg_arrival_short_road, layout_loops_ring,
          shapermc_ecumenical_altar_mp_ritualfount, hex_medium
D:2:      layout_rooms, basic_altar, serial_shops, nicolae_lakefront_shop,
          uniq_jessica
D:3:      layout_loops_ring, st_stairs_6, minmay_circle_x
D:4:      layout_rooms, kennysheep_slug_shrine
D:5:      layout_basic, serial_shops, nicolae_shop_hallway_stairs,
          minmay_crystal_water, uniq_duvessa
D:6:      layout_layer_cave, mainiacjoe_overflow_alcove_4
D:7:      layout_rooms, minmay_temple_entry_overgrown, serial_park_tiny_2,
          nicolae_concentric_dashed_squares_wild,
          hangedman_abyss_or_decor_passed, minmay_bent
D:8:      layout_loops_ring
D:9:      layout_rooms, orc_0_dummy, serial_shops, kennysheep_mini_moat,
          jiyva_altar_1
D:10:     layout_basic, minivault_4, kennysheep_small_circle
D:11:     layout_basic, grunt_lair_entry_orc_guard_hut, special_room
          [special_room_orc]

Notes
Turn   | Place    | Note
-------+----------+-------------------------------------------
     0 | Abyss:1  | spiderkeys the Meteoran Abyssal Knight began the quest for
                  | the Orb.
     0 | Abyss:1  | Reached XP level 1. HP: 19/19 MP: 3/3
     0 | Abyss:1  | magus.rc [v1.11.3]
    69 | Abyss:1  | Found a broken altar of Ashenzari.
    72 | D:1      | You pass through the gate.
    72 | D:1      | Escaped the Abyss
   108 | D:1      | Reached XP level 2. HP: 22/26 MP: 4/4
   108 | D:1      | You fall into a shaft and drop 1 floor!
   112 | D:2      | Noticed Jessica
   118 | D:2      | Found Axegg's Assorted Antiques.
   131 | D:2      | Killed Jessica
   132 | D:2      | Reached skill level 3 in Polearms
   132 | D:2      | Reached skill level 3 in Armour
   132 | D:2      | Reached skill level 3 in Invocations
   132 | D:2      | Reached XP level 3. HP: 28/33 MP: 4/6
   134 | D:2      | Reached XP level 4. HP: 31/40 MP: 4/7
   361 | D:1      | Reached *** piety under Lugonu
   487 | D:1      | Found a faded altar of an unknown god.
   566 | D:2      | Found a sacrificial altar of Ru.
   678 | D:2      | Reached XP level 5. HP: 46/46 MP: 8/8
   735 | D:2      | Reached skill level 4 in Fighting
   735 | D:2      | Reached skill level 1 in Shields
   817 | D:2      | Identified the +0 robe "Fogat" {rElec Dex+2 Slay-5}
  1003 | D:3      | Reached **** piety under Lugonu
  1202 | D:3      | Reached skill level 4 in Invocations
  1224 | D:3      | Reached XP level 6. HP: 47/52 MP: 10/10
  1521 | D:4      | Reached skill level 2 in Shields
  1606 | D:4      | Found a snail-covered altar of Cheibriados.
  1758 | D:4      | Reached skill level 4 in Armour
  1794 | D:5      | Entered Level 5 of the Dungeon
  1830 | D:5      | Found Piowish's Distillery.
  1838 | D:5      | Bought a potion of curing for 30 gold pieces
  1862 | D:5      | Reached skill level 4 in Polearms
  2039 | D:5      | Reached XP level 7. HP: 50/60 MP: 11/11
  2105 | D:5      | Reached skill level 3 in Shields
  2105 | D:5      | Reached skill level 5 in Invocations
  2183 | D:5      | You pick up a book of the Sky and begin reading...
  2183 | D:5      | You add the spells Summon Lightning Spire, Storm Form and
                  | Maxwell's Capacitive Coupling to your library.
  2201 | D:5      | Noticed Duvessa
  2231 | D:5      | Gained mutation: You tend to lose your temper in combat.
                  | [potion of mutation]
  2231 | D:5      | Gained mutation: You sometimes lose the ability to read
                  | scrolls when taking damage. [potion of mutation]
  2231 | D:5      | Gained mutation: You have a pair of small antennae on your
                  | head. [potion of mutation]
  2274 | D:5      | Killed Duvessa
  2275 | D:5      | Reached skill level 5 in Fighting
  2275 | D:5      | Reached XP level 8. HP: 23/68 MP: 12/12
  2299 | D:5      | Noticed Dowan
  2301 | D:5      | Banished Dowan
  2302 | D:5      | Reached skill level 5 in Armour
  2417 | D:6      | Reached skill level 5 in Polearms
  2534 | D:6      | Reached skill level 4 in Shields
  2629 | D:6      | Reached skill level 6 in Invocations
  2670 | D:6      | You pick up a book of Spatial Translocations and begin
                  | reading...
  2670 | D:6      | You add the spells Blink, Lesser Beckoning and Manifold
                  | Assault to your library.
  2692 | D:6      | Found an ornate altar of the Wu Jian Council.
  3068 | D:7      | Gained mutation: You passively map the area around you.
                  | [Meteoran growth]
  3068 | D:7      | Reached XP level 9. HP: 33/75 MP: 14/14
  3148 | D:7      | Reached skill level 6 in Polearms
  3148 | D:7      | Reached skill level 6 in Armour
  3189 | D:7      | Noticed a two-headed ogre
  3192 | D:7      | Reached ***** piety under Lugonu
  3192 | D:7      | Noticed a gargoyle
  3193 | D:7      | Reached skill level 6 in Fighting
  3193 | D:7      | Reached skill level 5 in Shields
  3210 | D:7      | Reached skill level 7 in Invocations
  3210 | D:7      | Banished a two-headed ogre
  3211 | D:7      | Reached skill level 7 in Polearms
  3211 | D:7      | Reached skill level 7 in Armour
  3211 | D:7      | Reached skill level 6 in Shields
  3221 | D:7      | Reached XP level 10. HP: 42/82 MP: 12/16
  3337 | D:8      | Reached skill level 7 in Fighting
  3468 | D:7      | Reached skill level 8 in Invocations
  3469 | D:7      | Found a staircase to the Ecumenical Temple.
  3591 | D:8      | HP: 15/86 [steam dragon/ball of steam (21)]
  3609 | D:8      | HP: 21/86 [white imp/puff of frost (2)]
  3643 | D:8      | Identified the +7 lajatang of the Demagogue {flame, rPois
                  | Dex+5}
  3755 | D:8      | Noticed a two-headed ogre
  3759 | D:8      | Banished a two-headed ogre
  3760 | D:8      | Reached skill level 2 in Staves
  3760 | D:8      | Reached skill level 7 in Shields
  3779 | D:8      | Reached skill level 8 in Armour
  4028 | D:9      | Reached skill level 3 in Staves
  4039 | D:9      | Reached skill level 8 in Fighting
  4039 | D:9      | Reached skill level 9 in Invocations
  4069 | D:9      | Reached XP level 11. HP: 62/94 MP: 18/18
  4081 | D:9      | Reached skill level 4 in Staves
  4113 | D:9      | Reached skill level 8 in Shields
  4165 | D:9      | Found a staircase to the Orcish Mines.
  4221 | D:9      | Reached skill level 9 in Armour
  4234 | D:9      | Found a viscous altar of Jiyva.
  4290 | D:9      | Found Kyonouj's Antique Armour Shop.
  4392 | D:10     | Entered Level 10 of the Dungeon
  4397 | D:10     | Noticed a two-headed ogre
  4402 | D:10     | Reached skill level 5 in Staves
  4402 | D:10     | Banished a two-headed ogre
  4403 | D:10     | Reached skill level 9 in Fighting
  4580 | D:11     | Reached skill level 2 in Dodging
  4580 | D:11     | Reached skill level 9 in Shields
  4608 | D:11     | Noticed a five-headed hydra
  4613 | D:11     | Banished a five-headed hydra
  4614 | D:11     | Reached skill level 6 in Staves
  4648 | D:11     | Noticed a skeletal warrior
  4649 | D:11     | Noticed a skeletal warrior
  4650 | D:11     | Noticed a skeletal warrior
  4706 | D:10     | Killed a skeletal warrior
  4707 | D:10     | Reached skill level 10 in Armour
  4707 | D:10     | Reached skill level 3 in Dodging
  4736 | D:10     | Reached XP level 12. HP: 106/106 MP: 19/19
  4797 | D:10     | Reached skill level 4 in Dodging
  4836 | D:10     | Reached skill level 7 in Staves
  4981 | D:10     | Reached skill level 10 in Fighting
  4988 | D:10     | HP: 24/106 [something (4)]
  5138 | D:11     | Reached skill level 5 in Dodging
  5162 | D:11     | You pick up a book of Misfortune and begin reading...
  5162 | D:11     | You add the spells Confusing Touch, Yara's Violent
                  | Unravelling and Enfeeble to your library.
  5166 | D:11     | Noticed a boulder beetle
  5169 | D:11     | Learned a level 5 spell: Yara's Violent Unravelling
  5173 | D:11     | Banished a boulder beetle
  5174 | D:11     | Reached skill level 1 in Spellcasting
  5174 | D:11     | Reached skill level 1 in Transmutations
  5181 | D:11     | Noticed a two-headed ogre
  5183 | D:11     | Banished a two-headed ogre
  5216 | D:11     | Reached skill level 2 in Spellcasting
  5216 | D:11     | Reached skill level 2 in Transmutations
  5219 | D:11     | Reached skill level 8 in Staves
  5234 | D:11     | HP: 26/107 [orc warrior/+0 halberd (16)]
  5240 | D:11     | HP: 25/160 [orc warrior/+0 scimitar of protection (1)]
  5243 | D:11     | HP: 7/160 [orc warrior/+0 halberd (21)]
  5385 | D:11     | Reached skill level 6 in Dodging
  5387 | D:11     | Reached skill level 3 in Spellcasting
  5387 | D:11     | Reached skill level 3 in Transmutations
  5526 | D:11     | Killed a skeletal warrior
  5529 | D:11     | HP: 29/162 [skeletal warrior/+0 scimitar (17)]
  5530 | D:11     | Slain by a skeletal warrior

Vanquished Creatures
  2 skeletal warriors
  An unseen horror (D:11)
  7 kobold demonologists (D:10)
  3 trolls
  A hornet (D:9)
  2 shadows
  9 yaks
  A steam dragon (D:8)
  An acid dragon (D:10)
  A water moccasin (D:7)
  Duvessa (D:5)
  6 orc warriors
  3 black bears
  7 centaurs
  3 ogres (D:11)
  7 kobold brigands
  6 bullfrogs
  2 necrophages (D:7)
  4 scorpions
  5 wights (D:9)
  7 killer bees
  An electric eel (D:10)
  7 howler monkeys
  2 hounds
  4 orc priests
  6 jellies
  Jessica (D:2)
  4 iguanas
  9 orc wizards
  8 adders
  3 white imps
  4 worms
  4 dart slugs
  26 orcs
  7 endoplasms
  9 goblins
  12 hobgoblins
  7 jackals
  34 kobolds
  6 quokkas
  10 ball pythons
  5 bats
  4 frilled lizards
  4 rats
256 creatures vanquished.

Vanquished Creatures (others)
  9 fungi (D:11)
  6 plants
15 creatures vanquished.

Grand Total: 271 creatures vanquished

Table legend:
 A = Non-vault XP
 B = Vault XP
 C = Vault XP percentage of total XP
 D = Non-vault monster count
 E = Vault monster count
 F = Vault count percentage of total count
                 A         B        C        D         E       F
            +---------+---------+-------+---------+---------+-------
      Total |   16983 |    4182 |  19.8 |     213 |      54 |  20.2
            +---------+---------+-------+---------+---------+-------
        D:1 |      37 |       0 |   0.0 |      21 |       0 |   0.0
        D:2 |      91 |      37 |  28.9 |      27 |       1 |   3.6
        D:3 |      50 |      15 |  23.1 |      14 |       9 |  39.1
        D:4 |      88 |       4 |   4.3 |      13 |       1 |   7.1
        D:5 |     412 |     211 |  33.9 |      11 |       2 |  15.4
        D:6 |     674 |       0 |   0.0 |      18 |       0 |   0.0
        D:7 |     451 |    1535 |  77.3 |       8 |       9 |  52.9
        D:8 |    1575 |      90 |   5.4 |      22 |       1 |   4.3
        D:9 |    3011 |     171 |   5.4 |      39 |       4 |   9.3
       D:10 |    5239 |     552 |   9.5 |      21 |       3 |  12.5
       D:11 |    5355 |    1567 |  22.6 |      19 |      24 |  55.8
            +---------+---------+-------+---------+---------+-------

Illustrated notes

Table legend:
 A = Kills in this place as a percentage of kills in entire the game.
 B = Kills by you in this place as a percentage of kills by you in the entire game.
 C = Kills by friends in this place as a percentage of kills by friends in the entire game.
 D = Other kills in this place as a percentage of other kills in the entire game.
 E = Experience gained in this place as a percentage of experience gained in the entire game.
 F = Experience gained in this place divided by the number of levels of this place that you have seen.
                   A       B       C       D       E      F
               +-------+-------+-------+-------+-------+----------------------
         Total | 100.0 | 100.0 |   N/A | 100.0 | 100.0 | 1763.8
       Dungeon | 100.0 | 100.0 |   N/A | 100.0 | 100.0 | 1924.1
               +-------+-------+-------+-------+-------+----------------------

Table legend: (Time is in decaauts)
 A = Elapsed time spent in this place.
 B = Non-inter-level travel time spent in this place.
 C = Inter-level travel time spent in this place.
 D = Time resting spent in this place.
 E = Time spent auto-exploring this place.
 F = Levels seen in this place.
 G = Mean time per level.
                   A        B        C        D        E       F      G
               +--------+--------+--------+--------+--------+-----+--------+
         Total |   5582 |   4291 |   1291 |      2 |     46 |  12 |  465.2 |
       Dungeon |   5507 |   4216 |   1291 |      2 |     46 |  11 |  500.6 |
         Abyss |     75 |     75 |      0 |      0 |      0 |   1 |   75.0 |
               +--------+--------+--------+--------+--------+-----+--------+

Top non-repeatable levels by time:
     D:6: 652 daAuts
    D:10: 593 daAuts
     D:5: 572 daAuts
    D:11: 552 daAuts
     D:3: 548 daAuts
     D:8: 518 daAuts
     D:7: 457 daAuts
     D:1: 432 daAuts
     D:2: 396 daAuts
     D:4: 392 daAuts
     D:9: 389 daAuts
 Abyss:1: 75 daAuts
